[Event "CZE-ch U12 Open 2023"]
[Site "Teplice"]
[Date "2023.03.18"]
[Round "9.12"]
[White "Frantsev, Iegor"]
[Black "Krisica, Lukas"]
[Result "1-0"]
[ECO "A45"]
[WhiteElo "1424"]
[BlackElo "1342"]
[Annotator "NA RC COMBH"]
[PlyCount "59"]
[EventDate "2023.03.09"]
[EventType "swiss"]
[EventCountry "CZE"]
[SourceTitle "playchess.com"]
[Source "ChessBase"]
[SourceQuality "1"]
[TimeControl "40/5400+30:1800+30"]

1. d4 Nf6 2. Bf4 g6 3. e3 Bg7 4. Nf3 c5 5. c3 b6 6. Nbd2 Bb7 7. h3 d6 8. Be2 Nbd7 9. O-O O-O 10. Re1 Qc7 11. Rc1 a6 12. Bd3 e5 13. dxe5 dxe5 14. Bh2 Bc6 15. e4 Rfe8 16. b4 Qb7 17. Nc4 Bf8 18. Ncxe5 Nxe5 19. Nxe5 Bxe4 20. Bxe4 Nxe4 21. Qd7 Qxd7 22. Nxd7 Nxc3 23. Nf6+ Kh8 24. Nxe8 Nxa2 25. Be5+ Kg8 26. Nf6+ Kg7 27. Nd7+ Kg8 28. Nxb6 Nxc1 29. Nxa8 Nd3 30. bxc5 1-0